 Dungeon Crawl Stone Soup version 0.29.1-2-gbd0b4ee654 (webtiles) character file.

Game seed: 15064419172422204317

18 kingsuperguy the Chopper (level 2, -2/27 HPs)
             Began as a Hill Orc Monk on Nov 18, 2022.
             Slain by a gnoll
             ... wielding a +0 spear
              (6 damage)
             ... on level 2 of the Dungeon.
             The game lasted 00:01:50 (1082 turns).

kingsuperguy the Chopper (Hill Orc Monk)            Turns: 1082, Time: 00:01:51

Health: -2/27      AC:  2    Str: 13    XL:     2   Next: 70%
Magic:  2/2        EV: 12    Int: 10    God:
Gold:   43         SH:  0    Dex: 13    Spells: 1/1 levels left

rFire   . . .      SeeInvis .   h - +0 arbalest
rCold   . . .      Faith    .   (shield currently unavailable)
rNeg    . . .      Spirit   .   b - +0 robe
rPois   .          Reflect  .   (no helmet)
rElec   .          Harm     .   (no cloak)
rCorr   .          Rampage  .   (no gloves)
Will    .....                   (no boots)
Stlth   ++........              (no amulet)
HPRegen 0.09/turn               (no ring)
MPRegen 0.08/turn               (no ring)

@: no status effects
A: no striking features
a: no special abilities


You were on level 2 of the Dungeon.
You visited 1 branch of the dungeon, and saw 2 of its levels.

You collected 43 gold pieces.

Inventory:

Hand Weapons
 a - a +0 hand axe
 h - a +0 arbalest (weapon)
Armour
 b - a +0 robe (worn)
 g - a +0 kite shield
Jewellery
 n - a ring of flight
Scrolls
 d - a scroll of silence {unknown}
 e - a scroll of brand weapon {unknown}
 f - a scroll of identify {unknown}
 i - a scroll of vulnerability {unknown}
 j - 2 scrolls of noise {unknown}
 l - a scroll of magic mapping {unknown}
 m - a scroll of enchant armour {unknown}
Potions
 c - a potion of ambrosia
 k - a potion of heal wounds {unknown}
 o - a potion of magic {unknown}


   Skills:
 + Level 3.9 Fighting
 + Level 4.2 Axes
 * Level 0.8 Ranged Weapons
 + Level 2.6 Dodging
 + Level 1.6 Stealth


You had one spell level left.
You didn't know any spells.
Your spell library contained the following spells:

 Spells                   Type           Power      Damage    Failure   Level
 Apportation              Tloc           0%         N/A       36%         1
 Alistair's Intoxication  Tmut/Pois      0%         N/A       100%        5


Dungeon Overview and Level Annotations

Branches:
Dungeon (2/15)

Altars:


Message History

The gnoll is almost dead.
The rat bites you.
The endoplasm jiggles.
The gnoll barely misses you. The rat barely misses you.
The gnoll hits you from afar with a +0 spear.
Fire: h) +0 arbalest
Press: ? - help, Q - select action Shift-Dir - straight line, f/p - gnoll
Aim: a gnoll, wielding a +0 spear (almost dead, 54% to hit)
You shoot a bolt. The bolt hits the rat.
The rat is moderately wounded.
The rat misses you. The gnoll closely misses you. The rat bites you.
Fire: h) +0 arbalest
Press: ? - help, Q - select action Shift-Dir - straight line, f/p - gnoll
Aim: a gnoll, wielding a +0 spear (almost dead, 54% to hit)
You shoot a bolt. The bolt hits the rat!
You kill the rat!
The gnoll hits you from afar with a +0 spear.
Fire: h) +0 arbalest
Press: ? - help, Q - select action Shift-Dir - straight line, f/p - gnoll
Aim: a gnoll, wielding a +0 spear (almost dead, 54% to hit)
You shoot a bolt. The bolt hits the gnoll!
The gnoll is almost dead.
The gnoll barely misses you.
The gnoll hits you from afar with a +0 spear.
The gnoll closely misses you. The gnoll hits you with a +0 club.
Fire: h) +0 arbalest
Press: ? - help, Q - select action Shift-Dir - straight line, f/p - gnoll
Aim: a gnoll, wielding a +0 spear (almost dead, 54% to hit)
You shoot a bolt. The bolt hits the gnoll!
You kill the gnoll!
The gnoll misses you.
The gnoll hits you from afar with a +0 spear. x2
* * * LOW HITPOINT WARNING * * *
The gnoll hits you but does no damage.
Fire: h) +0 arbalest
Press: ? - help, Q - select action Shift-Dir - straight line, f/p - gnoll
Aim: a gnoll, wielding a +0 spear (almost dead, 54% to hit)
You shoot a bolt. The bolt closely misses the gnoll.
The gnoll hits you from afar with a +0 spear.
You die...

#.# #.# #.# # #.#
.. #.# ..$ #.# ....
#.### .....
#...#g.....
##.@)gJ..!.
#.##...... #.#
..... #.# .... #.#
### #######.#
######<......#
..........####
###########†#######


You could see 2 gnolls and an endoplasm.

Vanquished Creatures
  A gnoll (D:2)
  3 goblins (D:1)
  2 kobolds (D:1)
  3 ball pythons
  A bat (D:1)
  A rat (D:2)
11 creatures vanquished.

Notes
Turn   | Place    | Note
-------+----------+-------------------------------------------
     0 | D:1      | kingsuperguy the Hill Orc Monk began the quest for the Orb.
     0 | D:1      | Reached XP level 1. HP: 19/19 MP: 1/1
   609 | D:1      | Reached XP level 2. HP: 27/27 MP: 2/2
  1082 | D:2      | Slain by a gnoll

Illustrated notes

Levels and vault maps discovered:
D:1:      matt_arrival_spirals, layout_basic
D:2:      layout_basic, shapermc_ecumenical_altar_pompeii

Action                   || total
-------------------------++-------
Melee: Hand axe          ||     7
 Fire: Arbalest          ||    25
 Stab: Sleeping          ||     1
Armor: Robe              ||     1
Dodge: Dodged            ||    19
